 Dungeon Crawl Stone Soup version 0.30-a0-672-gc3a7216ad8 (webtiles) character file.

Game seed: 1308719941327870067

875 KennySheep the Chucker (level 8, -10/75 (83) HPs)
             Began as an Ogre Gladiator on Jan 18, 2023.
             Mangled by a wight
             ... wielding a +5 falchion
              (15 damage)
             ... on level 6 of the Dungeon.
             The game lasted 00:07:45 (4065 turns).

KennySheep the Chucker (Ogre Gladiator)             Turns: 4065, Time: 00:07:45

HP:   -10/75 (83)   AC:  3    Str: 22    XL:     8   Next: 4%
MP:   8/8           EV: 11    Int: 10    God:
Gold: 89            SH:  0    Dex: 11    Spells: 7/7 levels left

rFire   . . .      SeeInvis .    a - +0 war axe
rCold   . . .      Faith    +    (no shield)
rNeg    . . .      Spirit   .    b - +0 robe
rPois   +          Reflect  .    c - +0 hat
rElec   +          Harm     .    (no cloak)
rCorr   .          Rampage  .    (gloves unavailable)
Will    +....      Rage     3%   (boots unavailable)
Stlth   +                        g - amulet of faith
HPRegen 0.32/turn                t - ring of willpower
MPRegen 0.11/turn                x - ring "Tamyjyf" {rElec rPois Str+2 Int+2 Dex-3}

@: drained
A: large, unfitting armour, tough skin 1, agile 1, berserk 1, sense surroundings
1
a: no special abilities


You were on level 6 of the Dungeon.
You visited 1 branch of the dungeon, and saw 5 of its levels.

You collected 89 gold pieces.

Inventory:

Hand Weapons
 a - a +0 war axe (weapon)
Missiles
 d - a throwing net
 e - a large rock
 k - 4 poisoned darts
 y - 3 boomerangs (quivered)
Armour
 b - a +0 robe (worn)
 c - a +0 hat (worn)
Jewellery
 g - an amulet of faith (around neck)
 t - a ring of willpower (left hand)
 w - a ring of protection from fire
 x - the ring "Tamyjyf" (right hand) {rElec rPois Str+2 Int+2 Dex-3}
   (You found it on level 4 of the Dungeon)

   [ring of poison resistance]

   Str:       It affects your strength (+2).
   Int:       It affects your intelligence (+2).
   Dex:       It affects your dexterity (-3).
   rElec:     It insulates you from electricity.
   rPois:     It protects you from poison.
Wands
 o - a wand of flame (22)
 p - a wand of polymorph (2)
 u - a wand of mindburst (13)
Scrolls
 f - 3 scrolls of teleportation {unknown}
 h - a scroll of noise
 i - a scroll of torment {unknown}
 j - a scroll of amnesia
 r - 5 scrolls of identify
 s - a scroll of fear {unknown}
Potions
 l - a potion of curing {unknown}
 m - a potion of mutation
 n - a potion of flight {unknown}
 q - a potion of cancellation {unknown}
 v - a potion of brilliance
 z - a potion of ambrosia {unknown}


   Skills:
 + Level 5.8 Fighting
 + Level 4.9 Axes
 * Level 5.9 Throwing
 + Level 4.4 Dodging


You had 7 spell levels left.
You didn't know any spells.
Your spell library contained the following spells:

 Spells                   Type           Power      Damage    Failure   Level
 Sting                    Tmut/Pois      0%         1d3       36%         1
 Blink                    Tloc           0%         N/A       50%         2
 Lesser Beckoning         Tloc           0%         N/A       50%         2
 Momentum Strike          Conj/Tloc      0%         3d8       50%         2
 Poisonous Vapours        Pois/Air       0%         N/A       50%         2
 Olgreb's Toxic Radiance  Pois           0%         N/A       98%         4


Dungeon Overview and Level Annotations

Branches:
Dungeon (6/15)
 Temple: D:4-7

Altars:
Fedhas
Wu Jian
The Shining One

Shops:
D:1 [   D:6 (:

Annotations:
D:3 1 runed translucent door, Crazy Yiuf
D:6 Menkaure


Innate Abilities, Weirdness & Mutations

You are too large for most types of armour.
You have tough skin. (AC +1)
You are agile. (Dex +4, Str/Int -1)
You sometimes lose your temper in combat.
You passively map a small area around you.


Message History

The wight barely misses you.
Throw: 3 boomerangs
Press: ? - help, Q - select action, (/) - cycle Shift-Dir - straight line, f/p - wight
Aim: a wight, wielding a +4 halberd of freezing and wearing a +0 robe (moderately damaged, 60% to hit)
You throw a boomerang. The boomerang hits the wight.
The wight is heavily damaged.
The wight misses you.
You barely miss the wight. x2
The wight hits you with a +4 halberd of freezing.
The wight freezes you. The wight hits you with a +5 falchion.
You feel drained.
You hit the wight. You punch the wight, but do no damage.
The wight is severely damaged.
You hit the wight but do no damage. The wight closely misses you.
The wight hits you with a +5 falchion.
You feel drained.
You slash the wight!
You destroy the wight!
You slash the wight! The wight hits you with a +5 falchion.
You feel drained. The wight hits you with a +5 falchion!
You have reached level 8!
You hit the wight but do no damage.
The wight is heavily damaged.
The wight barely misses you.
You barely miss the wight.
The wight is heavily damaged.
The wight hits you with a +5 falchion!
* * * LOW HITPOINT WARNING * * *
You feel drained.
* * * LOW HITPOINT WARNING * * *
You barely miss the wight.
The wight is heavily damaged.
The wight hits you with a +5 falchion.
* * * LOW HITPOINT WARNING * * *
You barely miss the wight.
The wight is heavily damaged.
The wight hits you with a +5 falchion.
* * * LOW HITPOINT WARNING * * *
You feel drained.
* * * LOW HITPOINT WARNING * * *
The wight hits you with a +5 falchion!
You die...

.....# #. * , ###..# *
*, ####.# * .....# ##.#
.....# ##..# ,
.....######..####* ,
.....#..........#* , .
....∩...(.......## ,...,
.............>..@#.....
,
..####.........?)z......
#...............###.....
######..........# , ....
#..........# , ...
#..........# , ..
#>.........# , , . ,
#..........# , , ,
############ ,


You could see a wight.

Vanquished Creatures
  Sigmund (D:3)
  A water moccasin (D:4)
  A black bear (D:6)
  A scorpion (D:4)
  A wight (D:6)
  A killer bee (D:6)
  A hound (D:4)
  Jessica (D:3)
  Natasha (thrice) (D:2)
  An orc wizard (D:3)
  Robin (D:3)
  6 adders
  A white imp (D:3)
  2 adder zombies (D:2)
  An adder skeleton (D:2)
  A worm (D:2)
  3 dart slugs
  4 orcs (D:3)
  7 ball pythons
  2 bat zombies (D:2)
  10 endoplasms
  6 giant cockroaches
  6 hobgoblins
  8 jackals (D:1)
  5 quokkas
  2 ball python zombies (D:2)
  6 bats
  A frilled lizard (D:3)
  14 goblins
  3 goblin skeletons (D:3)
  A goblin zombie (D:3)
  3 hobgoblin zombies (D:3)
  A jackal skeleton (D:2)
  9 kobolds
  2 kobold skeletons (D:3)
  3 kobold zombies (D:3)
  An orc zombie (D:3)
  3 rats (D:1)
124 creatures vanquished.

Vanquished Creatures (others)
  5 withered plants (D:2)
5 creatures vanquished.

Grand Total: 129 creatures vanquished

Notes
Turn   | Place    | Note
-------+----------+-------------------------------------------
     0 | D:1      | KennySheep the Ogre Gladiator began the quest for the Orb.
     0 | D:1      | Reached XP level 1. HP: 22/22 MP: 1/1
    65 | D:1      | Reached XP level 2. HP: 16/29 MP: 2/2
   163 | D:1      | Found Quamuf's Antique Armour Emporium.
   258 | D:1      | Reached XP level 3. HP: 18/37 MP: 3/3
   709 | D:2      | Reached XP level 4. HP: 26/45 MP: 4/4
  1411 | D:2      | Noticed Natasha
  1420 | D:2      | Killed Natasha
  1421 | D:2      | Reached XP level 5. HP: 32/54 MP: 5/5
  1499 | D:2      | Noticed Natasha
  1503 | D:2      | Killed Natasha
  1783 | D:2      | Noticed Natasha
  1791 | D:2      | Killed Natasha
  2036 | D:3      | Noticed Jessica
  2039 | D:3      | Killed Jessica
  2040 | D:3      | Reached XP level 6. HP: 48/62 MP: 6/6
  2059 | D:3      | Found a glowing golden altar of the Shining One.
  2191 | D:3      | Noticed Sigmund
  2218 | D:3      | Killed Sigmund
  2407 | D:3      | Noticed Robin
  2417 | D:3      | Killed Robin
  2421 | D:3      | Reached XP level 7. HP: 45/71 MP: 7/7
  2857 | D:3      | Found a runed translucent door.
  2858 | D:3      | Noticed Crazy Yiuf
  3153 | D:4      | Reached skill level 5 in Fighting
  3153 | D:4      | Reached skill level 5 in Throwing
  3455 | D:4      | Gained mutation: You passively map a small area around you.
                  | [potion of mutation]
  3455 | D:4      | Gained mutation: You sometimes lose your temper in combat.
                  | [potion of mutation]
  3455 | D:4      | Gained mutation: You are agile. (Dex +4, Str/Int -1)
                  | [potion of mutation]
  3735 | D:4      | Identified the ring "Tamyjyf" {rElec rPois Str+2 Int+2
                  | Dex-3}
  3795 | D:4      | Found a blossoming altar of Fedhas.
  3812 | D:4      | Found an ornate altar of the Wu Jian Council.
  3838 | D:4      | You fall into a shaft and drop 2 floors!
  3841 | D:6      | Found Fonet's Weapon Shoppe.
  3872 | D:6      | Noticed Menkaure
  3976 | D:6      | Found Hipa Fimn's Book Emporium.
  4062 | D:6      | Reached XP level 8. HP: 39/80 MP: 8/8
  4065 | D:6      | Mangled by a wight

Illustrated notes

Levels and vault maps discovered:
D:1:      wander_arrival_desolate, layout_rooms, serial_shops,
          nicolae_shop_behind_doors
D:2:      layout_loops_corners, serial_undead, serial_undead_b, serial_undead_b,
          serial_undead_d, serial_undead_c, serial_undead_e, serial_undead_b,
          serial_undead_e, serial_undead_c, uniq_natasha
D:3:      layout_basic, nicolae_tso_besieged_by_evil,
          minmay_misc_feat_four_crosses, minmay_misc_feat_plants, minivault_23,
          amcnicky_mini_corridor_feature, hex_tiny, bh_walls_and_bars,
          uniq_sigmund, uniq_jessica, uniq_robin, uniq_crazy_yiuf_cottage
D:4:      layout_cave_pools, grunt_temple_overflow_open
D:6:      layout_rooms, serial_shops, shop, nicolae_shop_bloodbath_and_beyond,
          nicolae_shop_crystal, shop, uniq_menkaure

Skill      XL: |  1  2  3  4  5  6  7 |
---------------+----------------------+-----
Fighting       | 3 4 5 |  5.8
Dodging        | 3 4 |  4.4
Throwing       | 3 4 5 |  5.9
Axes           | 4 |  4.9

Action                   |  1- 3 |  4- 6 |  7- 9 || total
-------------------------+-------+-------+-------++-------
Melee: War axe           |    84 |   144 |    93 ||   321
       Punch             |       |     2 |     1 ||     3
       Unarmed           |       |     7 |       ||     7
Throw: Throwing net      |       |     2 |     2 ||     4
       Boomerang         |       |       |     3 ||     3
  Use: Potion            |       |     1 |     4 ||     5
       Scroll            |       |     2 |       ||     2
 Stab: Sleeping          |     1 |       |       ||     1
       Held in net/web   |       |     1 |     1 ||     2
Armor: Robe              |    63 |    63 |    34 ||   160
       Skin              |       |     1 |       ||     1
Dodge: Dodged            |    63 |    80 |    54 ||   197

Table legend: (Time is in decaauts)
 A = Elapsed time spent in this place.
 B = Non-inter-level travel time spent in this place.
 C = Inter-level travel time spent in this place.
 D = Time resting spent in this place.
 E = Time spent auto-exploring this place.
 F = Levels seen in this place.
 G = Mean time per level.
                   A        B        C        D        E       F      G
               +--------+--------+--------+--------+--------+-----+--------+
         Total |   4169 |   4092 |     77 |    458 |   2814 |   5 |  833.8 |
       Dungeon |   4169 |   4092 |     77 |    458 |   2814 |   5 |  833.8 |
               +--------+--------+--------+--------+--------+-----+--------+

Top non-repeatable levels by time:
     D:2: 1406 daAuts
     D:3: 1134 daAuts
     D:4: 700 daAuts
     D:1: 697 daAuts
     D:6: 230 daAuts
